| TOP OF THE 1ST |
|
Tulsa Drillers batting - Pitching for Reading Fightin Phils : RHP Dale Turner
|
|
Pitching: RHP Dale Turner
|
|
|
Batting: RHB Jason Baldwin
|
0-0: Foul Ball, location: 2F 0-1: Ball 1-1: Ball 2-1: Ball 3-1: Base on Balls
|
|
Batting: SHB Ray Luna
|
0-0: Ball 1-0: Ball 2-0: Called Strike 2-1: Ball 3-1: Base on Balls Jason Baldwin to second
|
|
Batting: RHB Carlos Gonzalez
|
0-0: Ball 1-0: Fly out, F9 (Flyball, 9S, EV 85.6 MPH)
|
|
Batting: LHB Bobby Gonzalez
|
0-0: Ball 1-0: Called Strike 1-1: Ball Jason Baldwin steals 3rd base 2-1: Ball 3-1: Base on Balls Ray Luna to second
|
|
Batting: RHB Justin Curran
|
0-0: Called Strike 0-1: Swinging Strike 0-2: SINGLE (Groundball, 6S, EV 63.1 MPH) (infield hit) Jason Baldwin scores Ray Luna to third Bobby Gonzalez to second
|
|
Batting: LHB Nate Kee
|
0-0: Swinging Strike 0-1: Ball 1-1: Ball 2-1: Ball 3-1: Called Strike 3-2: Strikes out swinging
|
|
Batting: RHB Jerry Blas
|
0-0: SINGLE (Groundball, 6MD, EV 100.0 MPH) Ray Luna scores Bobby Gonzalez to third Justin Curran to second Runner from 3rd tries for Home, SAFE, throw by CF to home
|
|
Batting: LHB Cory Bowler
|
0-0: Foul Ball, location: 2F 0-1: Ball 1-1: Swinging Strike 1-2: Strikes out looking
|
| Top of the 1st over - 3 runs, 2 hits, 0 errors, 2 left on base; Tulsa 3 - Reading 0 |
| BOTTOM OF THE 1ST |
|
Reading Fightin Phils batting - Pitching for Tulsa Drillers : RHP Alex Mora
|
|
Pitching: RHP Alex Mora
|
|
|
Batting: RHB Alberto Ramirez
|
0-0: Called Strike 0-1: Ball 1-1: Fly out, F7 (Flyball, 7LSF, EV 93.1 MPH)
|
|
Batting: RHB Chris Myers
|
0-0: Called Strike 0-1: Called Strike 0-2: Foul Ball, location: 2F 0-2: Ball 1-2: Ball 2-2: Ball 3-2: Foul Ball, location: 2F 3-2: Fly out, F8 (Flyball, 8LXD, EV 105.6 MPH)
|
|
Batting: RHB Guan-pei Gao
|
0-0: Called Strike 0-1: Ball 1-1: Ball 2-1: SOLO HOME RUN (Flyball, 7D, EV 97.5 MPH), Distance : 382 ft
|
|
Batting: RHB Greg Herzig
|
0-0: Ball 1-0: Called Strike 1-1: Foul Ball, location: 2F 1-2: Ball 2-2: Ball 3-2: Base on Balls
|
|
Batting: RHB Victor Arroyo
|
0-0: Ball 1-0: Ground out 6-3 (Groundball, 6D, EV 108.1 MPH)
|
| Bottom of the 1st over - 1 run, 1 hit, 0 errors, 1 left on base; Tulsa 3 - Reading 1 |
| TOP OF THE 2ND |
|
Tulsa Drillers batting - Pitching for Reading Fightin Phils : RHP Dale Turner
|
|
Batting: LHB Joe Phillips
|
0-0: Called Strike 0-1: Ball 1-1: Called Strike 1-2: Ground out 4-3 (Groundball, 34D, EV 105.0 MPH)
|
|
Batting: RHB Jason Baldwin
|
0-0: Foul Ball, location: 2F 0-1: Ball 1-1: Fly out, F8 (Line Drive, 8RM, EV 93.8 MPH)
|
|
Batting: SHB Ray Luna
|
0-0: Ground out U3 (Groundball, 34, EV 96.2 MPH)
|
| Top of the 2nd over - 0 runs, 0 hits, 0 errors, 0 left on base; Tulsa 3 - Reading 1 |
| BOTTOM OF THE 2ND |
|
Reading Fightin Phils batting - Pitching for Tulsa Drillers : RHP Alex Mora
|
|
Batting: RHB David Clough
|
0-0: Ground out 6-3 (Groundball, 6MD, EV 105.0 MPH)
|
|
Batting: RHB Mike Bell
|
0-0: Called Strike 0-1: Ground out 4-3 (Groundball, 4M, EV 100.6 MPH)
|
|
Batting: RHB Mike Meeker
|
0-0: Ground out 6-3 (Groundball, 6D, EV 92.5 MPH)
|
| Bottom of the 2nd over - 0 runs, 0 hits, 0 errors, 0 left on base; Tulsa 3 - Reading 1 |
| TOP OF THE 3RD |
|
Tulsa Drillers batting - Pitching for Reading Fightin Phils : RHP Dale Turner
|
|
Batting: RHB Carlos Gonzalez
|
0-0: Ball 1-0: SOLO HOME RUN (Flyball, 78XD, EV 107.5 MPH), Distance : 415 ft
|
|
Batting: LHB Bobby Gonzalez
|
0-0: Swinging Strike 0-1: Foul Ball, location: 2F 0-2: Ball 1-2: Strikes out swinging
|
|
Batting: RHB Justin Curran
|
0-0: Foul Ball, location: 2F 0-1: Ball 1-1: Ball 2-1: Foul Ball, location: 2F 2-2: Foul Ball, location: 2F 2-2: Foul Ball, location: 2F 2-2: Ball 3-2: Ground out 6-3 (Groundball, 4MS, EV 67.5 MPH)
|
|
Batting: LHB Nate Kee
|
0-0: Foul Ball, location: 2F 0-1: Fly out, F7 (Flyball, 7S, EV 90.0 MPH)
|
| Top of the 3rd over - 1 run, 1 hit, 0 errors, 0 left on base; Tulsa 4 - Reading 1 |
| BOTTOM OF THE 3RD |
|
Reading Fightin Phils batting - Pitching for Tulsa Drillers : RHP Alex Mora
|
|
Batting: RHB Victor Arias
|
0-0: SOLO HOME RUN (Flyball, 78XD, EV 104.4 MPH), Distance : 427 ft
|
|
Batting: RHB Alberto Ramirez
|
0-0: Foul Ball, location: 2F 0-1: Foul Ball, location: 2F 0-2: Ball 1-2: Ball 2-2: Foul Ball, location: 2F 2-2: Strikes out swinging
|
|
Batting: RHB Chris Myers
|
0-0: Called Strike 0-1: Ball 1-1: Fly out, F3 (Popup, 3, EV 65.0 MPH)
|
|
Batting: RHB Guan-pei Gao
|
0-0: Ball 1-0: Ball 2-0: Ball 3-0: Called Strike 3-1: Ground out 5-3 (Groundball, 56S, EV 86.9 MPH)
|
| Bottom of the 3rd over - 1 run, 1 hit, 0 errors, 0 left on base; Tulsa 4 - Reading 2 |
| TOP OF THE 4TH |
|
Tulsa Drillers batting - Pitching for Reading Fightin Phils : RHP Dale Turner
|
|
Batting: RHB Jerry Blas
|
0-0: Ball 1-0: Ball 2-0: Ball 3-0: Called Strike 3-1: Foul Ball, location: 2F 3-2: Strikes out swinging
|
|
Batting: LHB Cory Bowler
|
0-0: Called Strike 0-1: Called Strike 0-2: Ball 1-2: Foul Ball, location: 2F 1-2: SINGLE (Groundball, 4M, EV 86.2 MPH) (infield hit)
|
|
Batting: LHB Joe Phillips
|
0-0: Called Strike Cory Bowler steals 2nd base 0-1: Called Strike 0-2: Ball 1-2: Ball 2-2: SINGLE (Line Drive, 78S, EV 107.5 MPH) Cory Bowler to third Runner from 3rd tries for Home, SAFE, throw by LF to home
|
|
Pitching: RHP Seizaburo Takahashi
|
|
|
Batting: RHB Jason Baldwin
|
0-0: Grounds out, U3 (Groundball, 3L, EV 81.9 MPH)
|
|
Batting: SHB Ray Luna
|
0-0: Ball 1-0: Ground out 3-1 (Groundball, 34, EV 98.1 MPH)
|
| Top of the 4th over - 1 run, 2 hits, 0 errors, 1 left on base; Tulsa 5 - Reading 2 |
| BOTTOM OF THE 4TH |
|
Reading Fightin Phils batting - Pitching for Tulsa Drillers : RHP Alex Mora
|
|
Batting: RHB Greg Herzig
|
0-0: Ball 1-0: Foul Ball, location: 2F 1-1: Foul Ball, location: 2F 1-2: Ball 2-2: Foul Ball, location: 2F 2-2: DOUBLE (Line Drive, 3D, EV 104.4 MPH)
|
|
Batting: RHB Victor Arroyo
|
0-0: Ball 1-0: Swinging Strike 1-1: Foul Ball, location: 2F 1-2: Ball Wild Pitch! Greg Herzig to third 2-2: Ball 3-2: Foul Ball, location: 2F 3-2: SINGLE (Groundball, 34D, EV 95.0 MPH) Greg Herzig scores
|
|
Batting: RHB David Clough
|
0-0: Ball 1-0: Ball 2-0: Foul Ball, location: 2F 2-1: Foul Ball, location: 2F 2-2: Fly out, F3 (Line Drive, 3L, EV 68.8 MPH)
|
|
Batting: RHB Mike Bell
|
0-0: Ball 1-0: Ball 2-0: Ball 3-0: Base on Balls Victor Arroyo to second
|
|
Batting: RHB Mike Meeker
|
0-0: Ball 1-0: Called Strike 1-1: Ball 2-1: DOUBLE (Flyball, 9LD, EV 89.4 MPH) Victor Arroyo scores Mike Bell to third Runner from 3rd tries for Home, SAFE, throw by RF to trailing runner, SAFE at third!
|
|
Batting: RHB Victor Arias
|
0-0: Ball 1-0: Called Strike 1-1: Called Strike 1-2: Ball 2-2: Foul Ball, location: 2F 2-2: Foul Ball, location: 2F 2-2: SINGLE (Groundball, 34D, EV 109.4 MPH) Mike Meeker scores
|
|
Pitching: RHP Cody Calderon
|
|
|
Batting: RHB Alberto Ramirez
|
0-0: Called Strike 0-1: Called Strike 0-2: DOUBLE (Flyball, 8RXD, EV 91.2 MPH) Victor Arias to third
|
|
Batting: RHB Chris Myers
|
0-0: Ball 1-0: Ball 2-0: Ball 3-0: Called Strike 3-1: Foul Ball, location: 2F 3-2: Base on Balls
|
|
Batting: RHB Guan-pei Gao
|
0-0: Ball 1-0: Ball 2-0: Called Strike 2-1: Swinging Strike 2-2: Strikes out swinging
|
|
Batting: RHB Greg Herzig
|
0-0: Fly out, F8 (Flyball, 8RM, EV 76.2 MPH)
|
| Bottom of the 4th over - 4 runs, 5 hits, 0 errors, 3 left on base; Tulsa 5 - Reading 6 |
| TOP OF THE 5TH |
|
Tulsa Drillers batting - Pitching for Reading Fightin Phils : RHP Seizaburo Takahashi
|
|
Batting: RHB Carlos Gonzalez
|
0-0: Called Strike 0-1: Fly out, F8 (Flyball, 8LD, EV 86.9 MPH)
|
|
Batting: LHB Bobby Gonzalez
|
0-0: Called Strike 0-1: Foul Ball, location: 2F 0-2: Ball 1-2: Ball 2-2: Foul Ball, location: 2F 2-2: TRIPLE (Line Drive, 89XD, EV 101.9 MPH)
|
|
Batting: RHB Justin Curran
|
0-0: Fly out, F8 (Line Drive, 8RD, EV 91.9 MPH) Runner from 3rd tags up, SCORES, throw by CF
|
|
Batting: LHB Nate Kee
|
0-0: Called Strike 0-1: Called Strike 0-2: SINGLE (Line Drive, 56, EV 96.2 MPH)
|
|
Batting: RHB Jerry Blas
|
0-0: Called Strike 0-1: Ball 1-1: Ball 2-1: Ball 3-1: Base on Balls Nate Kee to second
|
|
Batting: LHB Cory Bowler
|
0-0: Ground out U3 (Groundball, 34S, EV 90.6 MPH)
|
| Top of the 5th over - 1 run, 2 hits, 0 errors, 2 left on base; Tulsa 6 - Reading 6 |
| BOTTOM OF THE 5TH |
|
Reading Fightin Phils batting - Pitching for Tulsa Drillers : RHP Cody Calderon
|
|
Batting: RHB Victor Arroyo
|
0-0: Called Strike 0-1: Ball 1-1: Swinging Strike 1-2: Ball 2-2: Foul Ball, location: 2F 2-2: Ground out 5-3 (Groundball, 56, EV 107.5 MPH)
|
|
Batting: RHB David Clough
|
0-0: Ground out 4-3 (Groundball, 4, EV 81.9 MPH)
|
|
Batting: RHB Mike Bell
|
0-0: Swinging Strike 0-1: Foul Ball, location: 2F 0-2: Ball 1-2: Strikes out swinging
|
| Bottom of the 5th over - 0 runs, 0 hits, 0 errors, 0 left on base; Tulsa 6 - Reading 6 |
| TOP OF THE 6TH |
|
Tulsa Drillers batting - Pitching for Reading Fightin Phils : RHP Seizaburo Takahashi
|
|
Batting: LHB Joe Phillips
|
0-0: Ball 1-0: Foul Ball, location: 2F 1-1: Ground out 1-3 (Groundball, 13S, EV 71.9 MPH)
|
|
Batting: RHB Jason Baldwin
|
0-0: Foul Ball, location: 2F 0-1: Ball 1-1: Ball 2-1: Ball 3-1: Foul Ball, location: 2F 3-2: DOUBLE (Groundball, 5L, EV 96.9 MPH)
|
|
Batting: SHB Ray Luna
|
0-0: Fly out, F4 (Line Drive, 4D, EV 65.6 MPH)
|
|
Batting: RHB Carlos Gonzalez
|
0-0: Ball 1-0: Ball 2-0: Ball 3-0: Swinging Strike 3-1: Swinging Strike 3-2: Base on Balls
|
|
Pitching: RHP Dustin Greaves
|
|
|
Batting: LHB Bobby Gonzalez
|
0-0: Foul Ball, location: 2F 0-1: Ground out 4-3 (Groundball, 4, EV 103.1 MPH)
|
| Top of the 6th over - 0 runs, 1 hit, 0 errors, 2 left on base; Tulsa 6 - Reading 6 |
| BOTTOM OF THE 6TH |
|
Reading Fightin Phils batting - Pitching for Tulsa Drillers : RHP Cody Calderon
|
|
Batting: RHB Mike Meeker
|
0-0: Ball 1-0: Called Strike 1-1: Fly out, F8 (Flyball, 8RD, EV 109.4 MPH)
|
|
Batting: RHB Victor Arias
|
0-0: Called Strike 0-1: Ball 1-1: Foul Ball, location: 2F 1-2: Strikes out swinging
|
|
Batting: RHB Alberto Ramirez
|
0-0: Called Strike 0-1: Called Strike 0-2: Foul Ball, location: 2F 0-2: Strikes out swinging
|
| Bottom of the 6th over - 0 runs, 0 hits, 0 errors, 0 left on base; Tulsa 6 - Reading 6 |
| TOP OF THE 7TH |
|
Tulsa Drillers batting - Pitching for Reading Fightin Phils : RHP Dustin Greaves
|
|
Batting: RHB Justin Curran
|
0-0: Ball 1-0: Ball 2-0: Called Strike 2-1: Swinging Strike 2-2: Strikes out swinging
|
|
Batting: LHB Nate Kee
|
0-0: Swinging Strike 0-1: Ball 1-1: Swinging Strike 1-2: Foul Ball, location: 2F 1-2: Foul Ball, location: 2F 1-2: Strikes out swinging
|
|
Batting: RHB Jerry Blas
|
0-0: Swinging Strike 0-1: Ball 1-1: Swinging Strike 1-2: Ball 2-2: Ball 3-2: Strikes out swinging
|
| Top of the 7th over - 0 runs, 0 hits, 0 errors, 0 left on base; Tulsa 6 - Reading 6 |
| BOTTOM OF THE 7TH |
|
Reading Fightin Phils batting - Pitching for Tulsa Drillers : RHP Cody Calderon
|
|
Batting: RHB Chris Myers
|
0-0: Called Strike 0-1: Foul Ball, location: 2F 0-2: Ball 1-2: Strikes out swinging
|
|
Batting: RHB Guan-pei Gao
|
0-0: Called Strike 0-1: Swinging Strike 0-2: Foul Ball, location: 2F 0-2: Ball 1-2: Ground out 1-3 (Groundball, 13S, EV 71.2 MPH)
|
|
Batting: RHB Greg Herzig
|
0-0: Ball 1-0: Called Strike 1-1: Ball 2-1: Ball 3-1: Base on Balls
|
|
Batting: RHB Victor Arroyo
|
0-0: Called Strike 0-1: Called Strike Greg Herzig is caught stealing 2nd base 2-4
|
| Bottom of the 7th over - 0 runs, 0 hits, 0 errors, 0 left on base; Tulsa 6 - Reading 6 |
| TOP OF THE 8TH |
|
Tulsa Drillers batting - Pitching for Reading Fightin Phils : RHP Dustin Greaves
|
|
Pitching: RHP David Oviedo
|
|
|
Batting: LHB Cory Bowler
|
0-0: Called Strike 0-1: Called Strike 0-2: Ball 1-2: Ball 2-2: Ball 3-2: SINGLE (Groundball, P, EV 80.0 MPH) (infield hit)
|
|
Batting: LHB Joe Phillips
|
0-0: DOUBLE (Line Drive, 78M, EV 94.4 MPH) Cory Bowler to third Cory Bowler scores
|
|
Batting: RHB Jason Baldwin
|
0-0: Ball 1-0: Ball 2-0: Foul Ball, location: 2F 2-1: SINGLE (Line Drive, 7S, EV 109.4 MPH) Joe Phillips to third Runner from 3rd tries for Home, throw by LF and OUT! 7-2 Jason Baldwin to second
|
|
Batting: SHB Ray Luna
|
0-0: Called Strike 0-1: Fly out, F8 (Flyball, 8LM, EV 73.8 MPH)
|
|
Batting: RHB Carlos Gonzalez
|
0-0: Intentional Walk
|
|
Batting: LHB Bobby Gonzalez
|
0-0: Fly out, F9 (Flyball, 9D, EV 80.6 MPH)
|
| Top of the 8th over - 1 run, 3 hits, 0 errors, 2 left on base; Tulsa 7 - Reading 6 |
| BOTTOM OF THE 8TH |
|
Reading Fightin Phils batting - Pitching for Tulsa Drillers : RHP Cody Calderon
|
|
Pitching: RHP Jose Tavira
|
|
|
Now at 1B: Umar Matoub
|
|
|
Now at 3B: Nate Kee
|
|
|
Now in LF: Jonathan Sotelo
|
|
|
Now in CF: Bobby Gonzalez
|
|
|
Batting: RHB Victor Arroyo
|
0-0: Ball 1-0: Called Strike 1-1: Called Strike 1-2: Strikes out swinging
|
|
Batting: RHB David Clough
|
0-0: Foul Ball, location: 2F 0-1: Swinging Strike 0-2: Ball 1-2: Strikes out swinging
|
|
Batting: RHB Mike Bell
|
0-0: Ball 1-0: Swinging Strike 1-1: SINGLE (Line Drive, 89D, EV 98.1 MPH)
|
|
Batting: RHB Mike Meeker
|
0-0: Foul Ball, location: 2F 0-1: Ball 1-1: Swinging Strike 1-2: Foul Ball, location: 2F 1-2: Foul Ball, location: 2F 1-2: Foul Ball, location: 2F 1-2: Ball 2-2: Strikes out swinging
|
| Bottom of the 8th over - 0 runs, 1 hit, 0 errors, 1 left on base; Tulsa 7 - Reading 6 |
| TOP OF THE 9TH |
|
Tulsa Drillers batting - Pitching for Reading Fightin Phils : RHP David Oviedo
|
|
Batting: RHB Justin Curran
|
0-0: Called Strike 0-1: Ball 1-1: Ball 2-1: Ball 3-1: Base on Balls
|
|
Batting: LHB Nate Kee
|
0-0: Called Strike 0-1: Ball 1-1: Fly out, F7 (Flyball, 78M, EV 91.2 MPH)
|
|
Batting: RHB Jerry Blas
|
0-0: Fielders Choice at 2nd, 4-6 (Groundball, 4, EV 100.6 MPH)
|
|
Batting: RHB Jonathan Sotelo
|
0-0: Foul Ball, location: 2F 0-1: Ground out 1-3 (Groundball, P, EV 63.1 MPH)
|
| Top of the 9th over - 0 runs, 0 hits, 0 errors, 1 left on base; Tulsa 7 - Reading 6 |
| BOTTOM OF THE 9TH |
|
Reading Fightin Phils batting - Pitching for Tulsa Drillers : RHP Jose Tavira
|
|
Pitching: RHP Jeff Dailey
|
|
|
Batting: RHB Victor Arias
|
0-0: Ground out 4-3 (Groundball, 4, EV 103.8 MPH)
|
|
Batting: RHB Alberto Ramirez
|
0-0: Ground out U3 (Groundball, 3, EV 88.8 MPH)
|
|
Batting: RHB Chris Myers
|
0-0: Ball 1-0: SINGLE (Flyball, 89S, EV 100.6 MPH)
|
|
Batting: RHB Guan-pei Gao
|
0-0: Foul Ball, location: 2F 0-1: Called Strike 0-2: Ball 1-2: Ball 2-2: Foul Ball, location: 2F 2-2: Ball 3-2: Ground out 6-3 (Groundball, 6, EV 83.1 MPH)
|
| Bottom of the 9th over - 0 runs, 1 hit, 0 errors, 1 left on base; Tulsa 7 - Reading 6 |
|